Map: Ruins of Seras

Players

Miszu - Winner!

  • Race: Terran Terran
  • League: Master

ArcC

  • Race: Terran Terran
  • League: Master

VOD

Have the link to the VOD?

Description

Time

  • Played on: Feb. 4, 2016, 2 p.m.
  • Length: 9:33
Show
View Real Time Build Order
Export as new Build Order

Miszu Terran - Winner!

Build Orders: Reaper Expand, MMM Bio 

Get SALT Encoding   

  12  0:00  SCV  
  13  0:12  SCV  
  14  0:18  Supply Depot  
  14  0:24  SCV  
  15  0:39  SCV  
  15  0:41  Barracks  
  16  0:45  Refinery  
  16  0:51  SCV  
  17  1:04  SCV  
  18  1:16  SCV  
  19  1:29  Orbital Command  
  19  1:32  Reaper  
  20  1:43  Command Center  
  20  1:50  Supply Depot  
  20  1:54  SCV  
  20  2:00  Refinery  
  21  2:07  SCV  
  22  2:11  Barracks Reactor  
  22  2:19  SCV  
  23  2:26  Factory  
  23  2:35  SCV  
  24  2:47  SCV  
  24  2:49  Marine x2  
  27  2:55  Orbital Command  
  26  2:59  SCV  
  27  3:06  Marine  
  27  3:07  Marine  
  27  3:11  SCV  
  30  3:15  Starport, Widow Mine  
  32  3:21  SCV  
  32  3:23  SCV  
  34  3:30  Marine x2  
  34  3:33  SCV  
  37  3:36  SCV  
  38  3:42  Supply Depot  
  38  3:44  Factory Tech Lab  
  38  3:45  SCV  
  38  3:48  Marine x2, SCV  
  42  3:55  Medivac  
  42  3:57  SCV  
  42  4:00  SCV  
  46  4:03  Siege Tank  
  46  4:05  Supply Depot, Marine  
  46  4:09  SCV  
  51  4:12  SCV  
  51  4:16  Barracks  
  52  4:19  Barracks  
  52  4:21  SCV  
  54  4:32  Viking  
  54  4:33  SCV  
  57  4:39  SCV  
  57  4:42  Refinery x2  
  57  4:44  Barracks Tech Lab  
  57  4:46  SCV  
  57  4:48  Siege Tank  
  57  4:51  SCV  
  62  5:07  Barracks Reactor  
  62  5:09  Combat Shields  
  62  5:15  Marine, SCV x2  
  62  5:16  Supply Depot  
  62  5:17  Supply Depot  
  62  5:18  Starport Reactor  
  65  5:22  Siege Tank  
  65  5:27  SCV x2  
  70  5:30  Engineering Bay  
  70  5:31  Barracks  
  70  5:34  Barracks  
  70  5:37  Marine  
  70  5:39  SCV  
  70  5:40  SCV  
  73  5:47  Supply Depot  
  73  5:48  Marine x2  
  75  5:50  Marine  
  75  5:52  SCV  
  76  6:04  Marine  
  76  6:07  Marine  
  76  6:14  Marine  
  76  6:15  Medivac x2, Siege Tank  
  84  6:19  Supply Depot  
  84  6:24  Supply Depot  
  84  6:26  Marine  
  84  6:27  Marine  
  84  6:28  Barracks Reactor x2, Stimpack  
  84  6:29  Terran Infantry Weapons Level 1, Marine  
  86  6:40  Marine  
  86  6:45  Marine x3  
  92  6:47  Siege Tank  
  92  6:48  Medivac  
  92  6:50  Medivac  
  92  6:53  Marine  
  98  6:55  Supply Depot  
  98  6:57  Supply Depot, Marine  
  99  7:03  Marine  
  99  7:04  Marine  
  99  7:05  Marine  
  99  7:06  Marine x4  
  106  7:11  Marine  
  107  7:15  Marine  
  107  7:19  Siege Tank  
  107  7:20  Marine, Medivac  
  107  7:21  Medivac  
  107  7:22  Marine  
  117  7:23  Marine  
  117  7:24  Marine x4  
  121  7:31  Marine  
  121  7:33  Marine  
  123  7:38  Marine  
  123  7:40  Marine  
  125  8:01  Marine  
  126  8:16  Command Center  
  126  8:21  Marine x3  
  126  8:23  Marine  
  126  8:25  Marine x2  
  126  8:28  Marauder  
  126  8:30  Siege Tank  
  124  8:37  Marine  
  124  8:38  Marine  
Show
View Real Time Build Order
Export as new Build Order

ArcC Terran 

Build Orders: Reaper Expand, MMM Bio 

Get SALT Encoding   

  12  0:00  SCV  
  13  0:12  SCV  
  14  0:17  Supply Depot  
  14  0:25  SCV  
  15  0:39  SCV  
  15  0:40  Barracks  
  16  0:44  Refinery  
  16  0:51  SCV  
  17  1:03  SCV  
  18  1:15  SCV  
  19  1:28  Reaper, Orbital Command  
  20  1:45  Command Center  
  20  1:54  SCV  
  21  1:57  Supply Depot  
  21  2:00  Marine  
  22  2:07  SCV  
  23  2:14  Factory  
  23  2:19  Marine  
  23  2:20  SCV  
  25  2:24  Refinery  
  25  2:32  SCV  
  25  2:36  Marine  
  27  2:44  SCV  
  28  2:56  Marine, SCV  
  28  2:57  Factory Tech Lab  
  30  2:58  Starport  
  30  3:01  Orbital Command  
  30  3:09  SCV  
  31  3:14  Marine  
  31  3:17  Cyclone  
  35  3:21  SCV  
  35  3:26  SCV  
  37  3:33  SCV  
  38  3:34  Viking  
  38  3:38  Supply Depot, SCV  
  38  3:39  Marine  
  42  3:45  SCV  
  43  3:51  SCV  
  44  4:01  SCV  
  44  4:05  SCV  
  44  4:07  Command Center  
  45  4:13  SCV  
  45  4:15  Siege Tank  
  50  4:17  Barracks Tech Lab, SCV  
  50  4:19  Refinery  
  50  4:21  Refinery  
  50  4:25  SCV  
  50  4:30  Supply Depot, SCV  
  52  4:35  Marine  
  52  4:36  Starport Reactor, Stimpack  
  52  4:37  SCV  
  54  4:52  Siege Tank, SCV x2  
  59  4:53  Supply Depot  
  59  5:04  SCV x2  
  61  5:11  Barracks  
  61  5:13  Barracks  
  61  5:15  Marine, Medivac  
  61  5:16  SCV x2  
  61  5:20  Medivac  
  68  5:23  Orbital Command  
  68  5:27  Siege Tank  
  72  5:28  SCV  
  72  5:31  SCV  
  72  5:32  Marine  
  72  5:34  Supply Depot  
  74  5:40  SCV  
  75  5:43  SCV  
  76  5:50  Marine, SCV  
  76  5:52  SCV  
  74  6:14  SCV x3  
  74  6:17  Barracks Reactor x2  
  74  6:18  Marine  
  78  6:24  Engineering Bay, Barracks x2  
  78  6:25  Siege Tank  
  81  6:26  Engineering Bay, SCV  
  81  6:27  SCV x2  
  84  6:35  Marine  
  84  6:36  Medivac x2  
  84  6:38  SCV  
  84  6:39  Supply Depot, SCV  
  91  6:47  SCV  
  91  6:50  Supply Depot, SCV, Combat Shields  
  93  6:58  Terran Infantry Weapons Level 1  
  93  7:00  Marine x2  
  93  7:01  Marine x2  
  97  7:03  Supply Depot  
  97  7:11  Marine  
  97  7:13  Barracks Reactor  
  97  7:14  Barracks Reactor  
  97  7:15  SCV  
  99  7:18  Marine x4  
  99  7:20  Siege Tank  
  106  7:32  Terran Infantry Armor Level 1  
  106  7:38  SCV x2  
  106  7:42  Marine x2  
  106  7:52  Marine x2  
  104  8:01  Marine x3  
  104  8:04  Siege Tank  
  112  8:10  Bunker, Marine x2  
  112  8:19  Marine x3  
  101  8:27  Marine x2  
  101  8:37  Marine x3  
  98  8:45  Marine x2  
  100  8:50  Siege Tank  
  100  8:54  Marine x2  
  100  8:55  Marine, Orbital Command  
  104  9:03  Marine x2  
  104  9:05  Supply Depot  
  104  9:09  Barracks x2  
  106  9:12  Marine x3  
  106  9:14  SCV  
Tags
 
Add a new tag
Caveats
  • Supply blocks, unpowered buildings, or Contaminate may cause inaccurate times.
  • Supply counts are checked every 10 seconds.